 Dungeon Crawl Stone Soup version 0.29-a0-321-gf1c400731a (webtiles) character file.

Game seed: 27968035288535198

186 Flugslaktarn the Vexing (level 5, -4/41 HPs)
             Began as a Palentonga Enchanter on Apr 2, 2022.
             Slain by a river rat (6 damage)
             ... on level 5 of the Dungeon.
             The game lasted 00:11:38 (1631 turns).

Flugslaktarn the Vexing (Palentonga Enchanter)      Turns: 1631, Time: 00:11:39

Health: -4/41      AC:  4    Str: 12    XL:     5   Next: 38%
Magic:  1/8        EV:  9    Int: 23    God:
Gold:   107        SH:  0    Dex: 10    Spells: 3/8 levels left

rFire   . . .      SeeInvis +   l - +4 dagger (freeze)
rCold   . . .      Faith    .   (no shield)
rNeg    . . .      Spirit   .   b - +0 robe
rPois   .          Reflect  .   (no helmet)
rElec   .          Harm     .   (no cloak)
rCorr   .          Rampage  .   (no gloves)
Will    .....                   (no barding)
Stlth   ++........              (no amulet)
HPRegen 0.13/turn               h - +6 ring of intelligence
MPRegen 0.11/turn               (no ring)

@: very slow
A: large, rugged brown scales 3, see invisible, deformed body, roll 1, armoured
tail
a: Rolling Charge


You were on level 5 of the Dungeon.
You visited 1 branch of the dungeon, and saw 5 of its levels.

You collected 107 gold pieces.

Inventory:

Hand Weapons
 a - a +1 dagger
 l - a +4 dagger of freezing (weapon)
   (You found it on level 2 of the Dungeon)
Missiles
 d - 8 poisoned darts
 k - 8 boomerangs
Armour
 b - a +0 robe (worn)
Jewellery
 h - a +6 ring of intelligence (left hand)
   (You found it on level 2 of the Dungeon)
Wands
 g - a wand of charming (1)
   (You found it on level 4 of the Dungeon)
Scrolls
 e - a scroll of amnesia
 f - 2 scrolls of magic mapping
 i - a scroll of immolation {unknown}
 n - a scroll of blinking {unknown}
 o - a scroll of noise {unknown}
 t - a scroll of teleportation
Potions
 c - a potion of invisibility


   Skills:
 + Level 2.4 Fighting
 + Level 3.2 Short Blades
 - Level 1.5 Dodging
 - Level 2.0 Stealth
 + Level 2.1 Spellcasting
 - Level 4.0 Hexes
 - Level 1.0 Ice Magic


You had 3 spell levels left.
You knew the following spells:

 Your Spells              Type           Power      Damage    Failure   Level
a - Ensorcelled Hibernat  Hex/Ice        26%        N/A       7%          2
b - Confusing Touch       Hex            20%        N/A       8%          3

Your spell library contained the following spells:

 Spells                   Type           Power      Damage    Failure   Level
 Tukima's Dance           Hex            20%        N/A       8%          3
 Beastly Appendage        Tmut           4%         N/A       13%         1
 Dazzling Flash           Conj/Hex       22%        N/A       17%         3
 Portal Projectile        Hex/Tloc       22%        N/A       17%         3
 Scorch                   Fire           4%         2d5       19%         2
 Wereblood                Tmut           2%         N/A       19%         2
 Spider Form              Tmut/Pois      2%         N/A       36%         3
 Flame Wave               Conj/Fire      2%         2d4       77%         4
 Blade Hands              Tmut           1%         N/A       98%         5
 Excruciating Wounds      Necr           1%         N/A       98%         5
 Summon Cactus Giant      Summ           1%         N/A       100%        6


Dungeon Overview and Level Annotations

Branches:
Dungeon (5/15)
 Temple: D:4-7

Altars:

Annotations:
D:3 exclusion: downstairs
D:4 Edmund, Sigmund


Innate Abilities, Weirdness & Mutations

You are completely covered in rugged brown scales. (AC +3, +7% HP)
You have supernaturally acute eyesight. (SInv)
Armour fits poorly on your strangely shaped body.
You can roll at nearby foes to attack.
You have a long armoured tail.


Message History

Orders for allies: a - Attack new target. r - Retreat! s - Stop attacking. g - Guard the area. f - Follow me.
Anything else - Cancel.
Gang up on whom?
Press: ? - help, Dir - move target, f - adder
Aim: an adder (asleep) Attack!
Your river rat bites the adder.
The adder hisses angrily.
The adder bites you.
* * * LOW HITPOINT WARNING * * *
You closely miss the adder. Your punch misses the adder.
The adder is moderately wounded.
Your river rat completely misses the adder.
The adder closely misses you.
A worm comes into view.
You barely miss the adder.
The adder is moderately wounded.
The adder bites you.
* * * LOW HITPOINT WARNING * * *
Your river rat misses the adder.
You hit the adder. You freeze the adder.
You kill the adder!
What are your orders? t - Shout!
Orders for allies: a - Attack new target. r - Retreat! s - Stop attacking. g - Guard the area. f - Follow me.
Anything else - Cancel.
Retreat in which direction?
Press: ? - help, Dir - move target, f - worm
Aim: a worm (not watching you)
Okay, then.
Unknown command.
What are your orders? t - Shout!
Orders for allies: a - Attack new target. r - Retreat! s - Stop attacking. g - Guard the area. f - Follow me.
Anything else - Cancel.
Gang up on whom?
Press: ? - help, Dir - move target, f - worm
Aim: a worm (not watching you) Attack!
Your river rat bites the worm.
Your river rat bites the worm.
Your river rat bites the worm!
The worm splashes around in the water.
Your river rat bites the worm!
The worm dies!
Unknown command.
Unknown command.
Unknown command.
Unknown command.
Casting: Ensorcelled Hibernation (safe; 7% risk of failure)
Confirm with . or Enter, or press ? or * to list all spells.
Aiming: Ensorcelled Hibernation (safe; 7% risk of failure)
Press: ? - help, Shift-Dir - straight line, f - river rat
Aim: a river rat (heavily wounded, charmed, unaware, friendly, chance to affect: 55%) Really fire at your river rat?
The river rat is no longer charmed.
The river rat resists with significant effort.
Casting: Ensorcelled Hibernation (safe; 7% risk of failure)
Confirm with . or Enter, or press ? or * to list all spells.
Aiming: Ensorcelled Hibernation (safe; 7% risk of failure)
Press: ? - help, Shift-Dir - straight line, f/p - river rat
Aim: a river rat (heavily wounded, chance to affect: 55%)
The river rat resists with significant effort.
Okay, then.
Unknown command.
Okay, then.
Okay, then.
Aiming: Charm
Press: ? - help, Shift-Dir - straight line, f/p - river rat
Aim: a river rat (heavily wounded, chance to affect: 57%)
The river rat resists with significant effort.
The river rat barely misses you.
Aiming: Charm
Press: ? - help, Shift-Dir - straight line, f/p - river rat
Aim: a river rat (heavily wounded, chance to affect: 57%)
The river rat resists with significant effort.
The river rat bites you.
* * * LOW HITPOINT WARNING * * *
Unknown command.
Aiming: Charm
Press: ? - help, Shift-Dir - straight line, f/p - river rat
Aim: a river rat (heavily wounded, chance to affect: 57%)
The river rat resists with significant effort.
The river rat bites you but does no damage.
Aiming: Charm
Press: ? - help, Shift-Dir - straight line, f/p - river rat
Aim: a river rat (heavily wounded, chance to affect: 57%)
The river rat resists with significant effort.
The river rat barely misses you.
Unknown command.
Aiming: Charm
Press: ? - help, Shift-Dir - straight line, f/p - river rat
Aim: a river rat (heavily wounded, chance to affect: 57%)
The river rat resists with significant effort.
The river rat bites you.
You die...

#.......#
###....#.#.......
##≈######≈##......
#≈≈≈≈ #≈≈≈#.......
≈≈† #≈≈≈#....h.#
#†# ##≈##...s.$.
#†# #≈# ......#
#r# #≈# .#.. ##@##
##≈## #≈≈≈####≈≈≈#
#≈≈≈≈†≈≈≈≈≈#
##≈######≈## ###
###


You could see a river rat.

Vanquished Creatures
  2 iguanas (D:4)
  6 adders
  A river rat (D:5)
  An ufetubus (D:4)
  A worm (D:5)
  4 dart slugs
  2 orcs
  A ball python (D:1)
  5 giant cockroaches
  3 goblins
  2 hobgoblins
  6 jackals
  3 quokkas
  5 bats
  4 frilled lizards
  2 kobolds
  3 rats
51 creatures vanquished.

Vanquished Creatures (collateral kills)
  2 worms (D:5)
2 creatures vanquished.

Vanquished Creatures (others)
  A scorpion (D:5)
  A rat (D:5)
2 creatures vanquished.

Grand Total: 55 creatures vanquished

Notes
Turn   | Place    | Note
-------+----------+-------------------------------------------
     0 | D:1      | Flugslaktarn the Palentonga Enchanter began the quest for
                  | the Orb.
     0 | D:1      | Reached XP level 1. HP: 13/13 MP: 3/3
    71 | D:1      | Reached skill level 1 in Fighting
    84 | D:1      | Reached XP level 2. HP: 15/23 MP: 5/5
   217 | D:1      | HP: 1/23 [jackal (1)]
   392 | D:2      | Learned a level 2 spell: Ensorcelled Hibernation
   501 | D:2      | Reached XP level 3. HP: 4/28 MP: 6/6
   826 | D:4      | Reached skill level 1 in Ice Magic
   826 | D:4      | Reached XP level 4. HP: 19/35 MP: 2/7
   828 | D:4      | Noticed Edmund
  1039 | D:2      | You fall into a shaft and drop 2 floors!
  1054 | D:4      | Noticed a bullfrog
  1094 | D:4      | Noticed Sigmund
  1154 | D:4      | Noticed a scorpion
  1217 | D:4      | Reached skill level 4 in Hexes
  1217 | D:4      | Reached XP level 5. HP: 8/40 MP: 1/8
  1311 | D:3      | Found a faded altar of an unknown god.
  1520 | D:4      | Learned a level 3 spell: Confusing Touch
  1555 | D:5      | Entered Level 5 of the Dungeon
  1555 | D:5      | Noticed an ogre
  1628 | D:5      | HP: 1/41 [river rat (4)]
  1631 | D:5      | Slain by a river rat

Illustrated notes

Levels and vault maps discovered:
D:1:      mushboom_english_gardens, layout_loops_cross
D:2:      layout_loops_cross
D:3:      layout_basic, xom_teletrap_fun, shapermc_ecumenical_altar_hornbeckon
D:4:      layout_gridville, uniq_sigmund, uniq_edmund
D:5:      layout_cave_pools, zin_scriptorium, nicolae_ru_sacrificial_ziggurat,
          lightli_ossuary_entry_decrepit_ruins, gup_sewer_entry_bubbles

Skill      XL: |  1  2  3  4 |
---------------+-------------+-----
Fighting       | 1 2 |  2.4
Short Blades   | 2 3 |  3.2
Ice Magic      | 1 |  1.0
Hexes          | 4 |  4.0
Dodging        | |  1.5
Stealth        | |  2.0
Spellcasting   | |  2.1

Action                   |  1- 3 |  4- 6 || total
-------------------------+-------+-------++-------
Melee: Dagger            |   107 |    72 ||   179
       Tailslap          |    16 |     3 ||    19
       Punch             |     1 |     1 ||     2
 Cast: Ensorcelled Hiber |     3 |    15 ||    18
 Abil: Rolling Charge    |     7 |     1 ||     8
Evoke: Wand              |       |    11 ||    11
  Use: Potion            |     2 |     2 ||     4
       Scroll            |     6 |     5 ||    11
 Stab: Sleeping          |     5 |    10 ||    15
Armor: Robe              |    41 |    19 ||    60
Dodge: Dodged            |    47 |    39 ||    86

Table legend: (Time is in decaauts)
 A = Elapsed time spent in this place.
 B = Non-inter-level travel time spent in this place.
 C = Inter-level travel time spent in this place.
 D = Time resting spent in this place.
 E = Time spent auto-exploring this place.
 F = Levels seen in this place.
 G = Mean time per level.
                   A        B        C        D        E       F      G
               +--------+--------+--------+--------+--------+-----+--------+
         Total |   1638 |   1552 |     86 |      0 |      0 |   5 |  327.6 |
       Dungeon |   1638 |   1552 |     86 |      0 |      0 |   5 |  327.6 |
               +--------+--------+--------+--------+--------+-----+--------+

Top non-repeatable levels by time:
     D:3: 566 daAuts
     D:2: 344 daAuts
     D:1: 343 daAuts
     D:4: 292 daAuts
     D:5: 91 daAuts
